 Dungeon Crawl Stone Soup version 0.25-a0-102-gbfa96ce22d (webtiles) character file.

Game seed: 15819614049746364438, levelgen mode: deterministic

100 vurker the Magician (level 4, 0/32 HPs)
             Began as a Mummy Fire Elementalist on Nov 15, 2019.
             Killed from afar by Natasha (7 damage)
             ... with a magic dart
             ... on level 2 of the Dungeon.
             The game lasted 00:03:12 (1881 turns).

vurker the Magician (Mummy Fire Elementalist)       Turns: 1881, Time: 00:03:12

Health: 0/32       AC:  2    Str: 11    XL:     4   Next: 47%
Magic:  0/9        EV: 12    Int: 15    God:
Gold:   60         SH:  0    Dex: 12    Spells: 0/10 levels left

rFire    x . .     SeeInvis .   b - +0 dagger
rCold    + . .     Gourm    .   (no shield)
rNeg     + + +     Faith    .   a - +0 robe
rPois    ∞         Spirit   .   (no helmet)
rElec    .         Reflect  .   (no cloak)
rCorr    .         Harm     .   (no gloves)
MR       .....                  (no boots)
Stlth    ++........             (no amulet)
HPRegen  0.10/turn              d - ring of wizardry
MPRegen  0.11/turn              (no ring)

@: no status effects
A: no food or potions, fire vulnerability, cold resistance 1, negative energy
resistance 3, torment resistance, unbreathing
a: no special abilities


You were on level 2 of the Dungeon.
You were not hungry.

You visited 1 branch of the dungeon, and saw 2 of its levels.

You collected 60 gold pieces.

Inventory:

Hand Weapons
 b - a +0 dagger (weapon)
   (You took it off a kobold on level 1 of the Dungeon)
Armour
 a - a +0 robe (worn)
Jewellery
 d - a ring of wizardry (left hand)
   (You found it on level 1 of the Dungeon)
Scrolls
 c - 3 scrolls of enchant armour {unknown}
 e - a scroll of enchant weapon {unknown}
 f - a scroll of identify {unknown}


   Skills:
 + Level 1.2 Fighting
 - Level 1.5 Dodging
 - Level 1.5 Stealth
 * Level 3.8 Spellcasting
 * Level 2.0 Conjurations
 * Level 3.1 Fire Magic


You couldn't memorise any spells.
You knew the following spells:

 Your Spells              Type           Power        Failure   Level  Hunger
a - Flame Tongue          Conj/Fire      ##...        2%          1    N/A
b - Throw Flame           Conj/Fire      ##....       4%          2    N/A
c - Conjure Flame         Conj/Fire      ##......     8%          3    N/A
q - Sticky Flame          Conj/Fire      ##......     26%         4    N/A

Your spell library contained the following spells:

 Spells                   Type           Power        Failure   Level  Hunger
 Inner Flame              Hex/Fire       #.......     12%         3    N/A
 Fireball                 Conj/Fire      ##........   54%         5    N/A

Dungeon Overview and Level Annotations

Branches:
Dungeon (2/15)

Altars:
Fedhas
Ru

Annotations:
D:2 Natasha


Innate Abilities, Weirdness & Mutations

You do not eat or drink.
Your flesh is vulnerable to fire.
You are immune to poison.
Your flesh is cold resistant. (rC+)
You are immune to negative energy. (rN+++)
You are immune to unholy pain and torment.
You can survive without breathing.


Message History

Natasha mumbles some strange words.
Natasha shimmers violently.
Found 23 stones.
Things that are here:
2 scrolls labeled HUOBRO LAHO; a bat corpse You can't see any susceptible monsters within range! (Use Z to cast anyway.)
Aim: Natasha The puff of flame misses Natasha.
Natasha wildly gestures.
Natasha glows brightly for a moment.
Aim: Natasha The flame tongue hits Natasha!
Natasha stares at you and mumbles some strange words.
The magic dart hits you.
Aim: Natasha (heavily wounded)
The flame tongue hits Natasha.
Aim: Natasha (almost dead)
The flame tongue hits Natasha but does no damage.
Natasha stares at you and mumbles some strange words.
You feel yourself slow down.
Aim: Natasha (almost dead)
The flame tongue misses Natasha.
Natasha claws you.
Aim: Natasha (almost dead)
The flame tongue hits Natasha!
You kill Natasha!
You hear a faint echoing roar filled with hate and sorrow!
Your Conjurations skill increases to level 2!
c - 3 scrolls labeled HUOBRO LAHO (gained 2)
You see here a bat corpse.
Natasha, Servant of Life and Death comes into view.
She is carrying a wand of flame (22).
Aim: Natasha, carrying a wand of flame (22)
The flame tongue hits Natasha.
You feel yourself speed up.
Aim: Natasha, carrying a wand of flame (22) (moderately wounded)
The flame tongue hits Natasha.
Natasha claws you.
Aim: Natasha, carrying a wand of flame (22) (heavily wounded)
The flame tongue hits Natasha.
Natasha zaps a wand.
The puff of flame hits you! The fire burns you terribly!
* * * LOW HITPOINT WARNING * * *
Aim: Natasha, carrying a wand of flame (21) (severely wounded)
The flame tongue hits Natasha.
Natasha mumbles some strange words.
You closely miss Natasha. Natasha claws you.
* * * LOW HITPOINT WARNING * * *
The white imp barely misses you.
You miss Natasha. Natasha casts a spell at you. The magic dart hits you!
You die...

#.# #.## ######†####
#.#####........†......#
#........# ######...#.#
#..#####.# ##......#
#........# #.......#
##.####### ##......#
#.### #....#.# ##...#
#.#.##.# .....#
#@5....# .###.#
#h.##### .....# #†.#
.♣...# #............
♣_♣^#...
..(......######
.♣..##.. ....####.# .
..# ### .# . .. .# ##
### ##


You could see Natasha and a white imp.

Vanquished Creatures
  Natasha (D:2)
  An adder (D:2)
  2 oozes (D:1)
  4 dart slugs
  2 ball pythons (D:1)
  5 giant cockroaches
  8 goblins
  5 hobgoblins
  A quokka (D:2)
  14 bats
  A frilled lizard (D:1)
  6 kobolds
50 creatures vanquished.

Notes
Turn   | Place    | Note
-------+----------+-------------------------------------------
     0 | D:1      | vurker the Mummy Fire Elementalist began the quest for the
                  | Orb.
     0 | D:1      | Reached XP level 1. HP: 13/13 MP: 4/4
    52 | D:1      | Reached skill level 1 in Conjurations
   163 | D:1      | Reached XP level 2. HP: 19/19 MP: 4/6
   579 | D:1      | Reached XP level 3. HP: 19/25 MP: 1/7
  1252 | D:2      | Found a sacrificial altar of Ru.
  1371 | D:2      | Reached skill level 1 in Fighting
  1377 | D:2      | Found a blossoming altar of Fedhas.
  1543 | D:2      | Reached XP level 4. HP: 32/32 MP: 6/9
  1547 | D:2      | Learned a level 2 spell: Throw Flame
  1551 | D:2      | Learned a level 3 spell: Conjure Flame
  1556 | D:2      | Learned a level 4 spell: Sticky Flame
  1683 | D:2      | Found a faded altar of an unknown god.
  1862 | D:2      | Noticed Natasha
  1868 | D:2      | Killed Natasha
  1875 | D:2      | Noticed Natasha
  1881 | D:2      | Killed from afar by Natasha

Levels and vault maps discovered:
D:1:      dpeg_arrival_pond, layout_basic, st_stairs_13
D:2:      layout_loops_ring, yredelemnul_forgotten_temple_becter,
          nicolae_ru_path_of_blood, nicolae_overflow_hidden_temple,
          chequers_ecumenical_altar_simple, uniq_natasha, uniq_jessica

Skill      XL: |  1  2  3  4 |
---------------+-------------+-----
Conjurations   | 1 2 |  2.0
Spellcasting   | 3 |  3.8
Fighting       | 1 |  1.2
Fire Magic     | 3 |  3.1
Dodging        | |  1.5
Stealth        | |  1.5

Action                   |  1- 3 |  4- 6 || total
-------------------------+-------+-------++-------
Melee: Unarmed           |     1 |       ||     1
       Dagger            |     4 |     2 ||     6
 Cast: Flame Tongue      |    74 |    13 ||    87
       Throw Flame       |       |     8 ||     8
Armor: Robe              |     7 |       ||     7
Dodge: Dodged            |    29 |     1 ||    30

Table legend:
 A = Non-vault XP
 B = Vault XP
 C = Vault XP percentage of total XP
 D = Non-vault monster count
 E = Vault monster count
 F = Vault count percentage of total count
                 A         B        C        D         E       F
            +---------+---------+-------+---------+---------+-------
      Total |     105 |      39 |  27.1 |      47 |       3 |   6.0
            +---------+---------+-------+---------+---------+-------
        D:1 |      60 |       4 |   6.2 |      29 |       2 |   6.5
        D:2 |      45 |      35 |  43.8 |      18 |       1 |   5.3
            +---------+---------+-------+---------+---------+-------
